[Event "fics rated crazyhouse match"]
[Site "fics, Oklahoma City, OK USA"]
[Date "2001.02.07"]
[White "RFrancisco"]
[WhiteElo "2458"]
[Black "AngelicK"]
[BlackElo "2438"]
[TimeControl "60+0"]
[Result "1-0"]

1. e4 e6 2. d4 Nc6 3. Nc3 Nf6 4. Nf3 d6 5. Bd3 Ng4 6. O-O 
Be7 7. h3 Nxf2 8. Rxf2 P@g3 9. Rf1 O-O 10. Bf4 f5 11. exf5 exf5 
12. Bxg3 P@e4 13. Bxe4 fxe4 14. Nxe4 B@g6 15. Nf2 Bf6 16. P@e5 Be7 17. P@h6 
gxh6 18. P@f6 Bxf6 19. exf6 Qxf6 20. P@e5 Qf7 21. N@f6+ Kh8 22. exd6 P@e3 
23. N2g4 P@f2+ 24. Kh1 Bxg4 25. Nxg4 P@f4 26. P@h2 fxg3 27. hxg3 N@f5 28. P@h2 
B@h4 29. gxh4 Ncxd4 30. B@e5+ P@f6 31. Bxd4 Nxd4 32. Qxd4 B@e5 33. Nfxe5 fxe5 
34. Qxe5+ N@g7 35. B@f6 
{AngelicK resigns} 1-0

[Event "fics rated crazyhouse match"]
[Site "fics, Oklahoma City, OK USA"]
[Date "2001.02.07"]
[White "AngelicK"]
[WhiteElo "2430"]
[Black "RFrancisco"]
[BlackElo "2466"]
[TimeControl "60+0"]
[Result "1-0"]

1. d4 e6 2. Nf3 b6 3. Bf4 Bb7 4. e3 f5 5. Be2 Nf6 6. c4 
Be7 7. Nc3 O-O 8. O-O d6 9. d5 e5 10. Bg3 Nbd7 11. Ng5 Qe8 
12. Ne6 Qg6 13. Nxc7 Rac8 14. Ne6 Nxd5 15. cxd5 Bxd5 16. Qxd5 P@f7 17. Nxf8 
Nxf8 18. B@h5 Qh6 19. Qxf7# 
{RFrancisco resigns} 1-0

[Event "fics rated crazyhouse match"]
[Site "fics, Oklahoma City, OK USA"]
[Date "2001.02.07"]
[White "RFrancisco"]
[WhiteElo "2457"]
[Black "AngelicK"]
[BlackElo "2439"]
[TimeControl "60+0"]
[Result "1-0"]

1. e4 e6 2. Nc3 Nc6 3. d4 d5 4. e5 Nge7 5. Nge2 Nf5 6. Be3 
Bb4 7. Ng3 Nxe3 8. fxe3 B@a5 9. N@b1 Qg5 10. Qd2 Bxc3 11. Nxc3 Nxe5 
12. B@f4 Qxf4 13. exf4 N@f3+ 14. gxf3 Nxf3+ 15. Kd1 Bxc3 16. Qxc3 N@f2+ 17. Ke2 
Nxh1 18. Qxf3 B@e4 19. Qe3 Nxg3+ 20. hxg3 P@f3+ 21. Kd2 P@g2 22. B@h4 gxf1=N+ 
23. Rxf1 N@c4+ 24. Kc1 B@f6 25. Bxf6 gxf6 26. N@g7+ Kd8 27. P@e7+ Kxe7 28. B@b4+ 
B@d6 29. Bxd6+ cxd6 30. B@e5 R@a1+ 31. N@b1 P@d2+ 32. Qxd2 Rxb1+ 33. Kxb1 Nxd2+ 
34. Ka1 N@b3+ 35. axb3 Nxb3+ 36. cxb3 Q@a5+ 37. N@a2 dxe5 38. Q@c5+ B@d6 39. N@f5+ 
Kd7 40. R@c7+ Qxc7 41. Qxd6+ Qxd6 42. N@c5+ Kc7 43. B@e8 
{AngelicK forfeits on time} 1-0

[Event "fics rated crazyhouse match"]
[Site "fics, Oklahoma City, OK USA"]
[Date "2001.02.07"]
[White "AngelicK"]
[WhiteElo "2431"]
[Black "RFrancisco"]
[BlackElo "2465"]
[TimeControl "60+0"]
[Result "0-1"]

1. d4 e5 2. Nf3 exd4 3. Nxd4 Nc6 4. Nxc6 bxc6 5. Nc3 Nf6 6. e4 
P@b4 7. P@g5 bxc3 8. gxf6 Qxf6 9. bxc3 Qxc3+ 10. Bd2 Qe5 11. Bd3 P@c3 
12. Be3 P@d2+ 13. Kf1 N@b2 14. Qe2 Nxd3 15. Qxd3 N@b2 16. Qe2 Ba6 17. P@d3 
Nxd3 18. cxd3 P@c2 19. Bxd2 cxd2 20. Qxd2 Qxe4 21. P@e3 Bxd3+ 22. P@e2 Bxe2+ 
23. Kxe2 B@a6# 
{AngelicK resigns} 0-1

[Event "fics rated crazyhouse match"]
[Site "fics, Oklahoma City, OK USA"]
[Date "2001.02.07"]
[White "RFrancisco"]
[WhiteElo "2472"]
[Black "AngelicK"]
[BlackElo "2424"]
[TimeControl "60+0"]
[Result "0-1"]

1. e4 e6 2. Nc3 Nc6 3. d4 d5 4. e5 Nge7 5. Be3 Nf5 6. Bd3 
Bb4 7. Ne2 Bxc3+ 8. bxc3 Nxe3 9. fxe3 B@h6 10. N@g4 Qg5 11. B@f3 N@h4 
12. O-O Nxf3+ 13. gxf3 B@f5 14. Bxf5 exf5 15. B@f4 fxg4 16. Bxg5 N@h3+ 17. Kh1 
gxf3 18. Rxf3 Bxg5 19. Qf1 B@e4 20. N@h5 B@h6 21. P@g2 Bxf3 22. Qxf3 P@g4 
23. Qxd5 Be6 24. P@d7+ Bxd7 25. Qxd7+ Kxd7 26. B@f5+ P@e6 27. Bxg4 R@g1# 
{RFrancisco resigns} 0-1

[Event "fics rated crazyhouse match"]
[Site "fics, Oklahoma City, OK USA"]
[Date "2001.02.07"]
[White "AngelicK"]
[WhiteElo "2433"]
[Black "RFrancisco"]
[BlackElo "2463"]
[TimeControl "60+0"]
[Result "1-0"]

1. d4 Nf6 2. Nf3 Nd5 3. Bf4 Nxf4 4. e4 d5 5. e5 B@h5 6. Nbd2 
Nc6 7. Bb5 e6 8. Rg1 Bd7 9. Bxc6 Bxc6 10. N@g3 Bg6 11. Nb3 B@e4 
12. Qd2 Bxf3 13. gxf3 Nh5 14. Nxh5 Bxh5 15. B@g5 Qd7 16. N@c5 Bxc5 17. Nxc5 
N@c4 18. Nxd7 Nxd2 19. Q@e7# 
{RFrancisco checkmated} 1-0

[Event "fics rated crazyhouse match"]
[Site "fics, Oklahoma City, OK USA"]
[Date "2001.02.07"]
[White "RFrancisco"]
[WhiteElo "2454"]
[Black "AngelicK"]
[BlackElo "2442"]
[TimeControl "60+0"]
[Result "0-1"]

1. d4 e6 2. Nf3 Nc6 3. g3 Nf6 4. Bg2 d6 5. O-O Be7 6. Nbd2 
O-O 7. e4 e5 8. d5 Nd4 9. h3 Nxf3+ 10. Nxf3 N@d4 11. Nxd4 exd4 
12. N@g5 Nxd5 13. Nxf7 Rxf7 14. exd5 N@e5 15. P@e6 Rf8 16. Bf4 P@f3 17. Bxe5 
fxg2 18. Kxg2 dxe5 19. P@f7+ Kh8 20. N@h2 Qxd5+ 21. Qf3 Bxe6 22. Qxd5 Bxd5+ 
23. N@f3 P@e4 24. Q@g8+ Rxg8 25. fxg8=Q+ Rxg8 26. R@h4 exf3+ 27. Nxf3 Bxf3+ 28. Kxf3 
Q@f5+ 29. B@f4 Q@e4# 
{RFrancisco checkmated} 0-1

[Event "fics rated crazyhouse match"]
[Site "fics, Oklahoma City, OK USA"]
[Date "2000.02.08"]
[White "pminear"]
[WhiteElo "2416"]
[Black "Firefly"]
[BlackElo "2510"]
[TimeControl "180+0"]
[Result "0-1"]

1. e4 e6 2. Nc3 Nc6 3. d4 Bb4 4. a3 Bxc3+ 5. bxc3 d6 6. Nf3 
Nf6 7. Bd3 d5 8. e5 Ne4 9. Bxe4 dxe4 10. Ng5 B@g6 11. N@g3 N@h4 
12. B@h3 Nxe5 13. N5xe4 P@g4 14. Bg5 gxh3 15. Bxd8 Nxg2+ 16. Kf1 Nc6 17. Bxc7 
Nh4 18. Nd6+ Kd7 19. Nxc8 P@g2+ 20. Ke2 Kxc8 21. P@d7+ Kxc7 22. P@d6+ Kxd6 
23. B@f4+ Kxd7 24. Q@d6+ Ke8 25. f3 Rd8 26. Qc7 B@a6+ 27. Kd2 N@c4+ 28. Kc1 
P@b2+ 29. Kb1 bxa1=Q+ 30. Kxa1 P@b2+ 31. Ka2 R@a1+ 32. Kb3 Rxa3# 
{pminear checkmated} 0-1

[Event "fics rated crazyhouse match"]
[Site "fics, Oklahoma City, OK USA"]
[Date "2000.02.08"]
[White "Firefly"]
[WhiteElo "2516"]
[Black "pminear"]
[BlackElo "2410"]
[TimeControl "180+0"]
[Result "1-0"]

1. e4 e5 2. Nf3 Nc6 3. Bc4 Bc5 4. O-O Nf6 5. c3 Nxe4 6. d4 
exd4 7. cxd4 Be7 8. Bxf7+ Kxf7 9. d5 Kf8 10. dxc6 bxc6 11. P@h6 gxh6 
12. Bxh6+ P@g7 13. Bxg7+ Kxg7 14. N@f5+ Kf7 15. Nc3 Nxc3 16. bxc3 B@g6 17. N@h6+ 
Ke8 18. P@g7 B@f6 19. gxh8=Q+ Bxh8 20. R@g8+ Bf8 21. P@e7 Qxe7 22. Nxe7 Kxe7 
23. Re1+ P@e6 24. Rxf8 Kxf8 25. Q@g8+ Ke7 26. B@f8+ Kd8 27. Bd6# 
{pminear resigns} 1-0

[Event "fics rated crazyhouse match"]
[Site "fics, Oklahoma City, OK USA"]
[Date "2000.02.08"]
[White "pminear"]
[WhiteElo "2404"]
[Black "Firefly"]
[BlackElo "2522"]
[TimeControl "180+0"]
[Result "0-1"]

1. e4 e6 2. Nc3 Nf6 3. e5 Nd5 4. Nxd5 exd5 5. Nf3 Nc6 6. d4 
d6 7. Bb5 Be7 8. Qe2 N@e4 9. exd6 cxd6 10. P@d3 Nf6 11. Bg5 O-O 
12. h3 Re8 13. Bxc6 bxc6 14. N@e3 P@e4 15. Nh4 h6 16. Bxf6 Bxf6 17. dxe4 
Bxh4 18. exd5 cxd5 19. N@c6 Qc7 20. P@b5 B@e4 21. P@f3 P@f4 22. Nxd5 Bxf2+ 
23. Kxf2 B@e3+ 24. Ke1 Bxd5 25. P@f2 Bxf2# 
{pminear resigns} 0-1

[Event "fics rated crazyhouse match"]
[Site "fics, Oklahoma City, OK USA"]
[Date "2000.02.08"]
[White "Firefly"]
[WhiteElo "2527"]
[Black "pminear"]
[BlackElo "2399"]
[TimeControl "180+0"]
[Result "0-1"]

1. e4 e5 2. Nf3 Nc6 3. Bc4 Bc5 4. O-O Nf6 5. c3 d6 6. d4 
Bb6 7. dxe5 dxe5 8. Bxf7+ Kxf7 9. Qxd8 Rxd8 10. P@d5 P@e2 11. Re1 Bxf2+ 
12. Kxf2 Ng4+ 13. Kxe2 B@c4+ 14. Kd1 P@c2# 
{Firefly resigns} 0-1

[Event "fics rated crazyhouse match"]
[Site "fics, Oklahoma City, OK USA"]
[Date "2000.02.08"]
[White "pminear"]
[WhiteElo "2410"]
[Black "Firefly"]
[BlackElo "2516"]
[TimeControl "180+0"]
[Result "0-1"]

1. e4 e6 2. Nc3 Nc6 3. Nf3 Nf6 4. e5 Ng4 5. d4 d6 6. exd6 
Bxd6 7. Ne4 Bb4+ 8. Bd2 Bxd2+ 9. Qxd2 B@f5 10. Ng3 P@e4 11. Nxf5 exf5 
12. O-O-O exf3 13. gxf3 Nf6 14. P@g5 Nd5 15. P@h6 gxh6 16. gxh6 Be6 17. Bc4 
N@b4 18. P@g7 Rg8 19. B@b3 N@b6 20. B@g5 P@f6 21. Be3 Nxc4 22. Bxc4 Nxe3 
23. Bxe6 Nxd1 24. Bxf7+ Kxf7 25. N@h8+ Ke7 26. B@c5+ B@d6 27. Re1+ B@e6 28. Rxe6+ 
Kxe6 29. B@f7+ Kd7 30. Bxd6 cxd6 31. B@e6+ Kc7 32. Qxb4 R@a1+ 33. Kd2 Nxb4 
34. N@b5+ Kb6 
{pminear resigns} 0-1

[Event "fics rated crazyhouse match"]
[Site "fics, Oklahoma City, OK USA"]
[Date "2000.02.08"]
[White "Firefly"]
[WhiteElo "2522"]
[Black "pminear"]
[BlackElo "2404"]
[TimeControl "180+0"]
[Result "0-1"]

1. e4 e5 2. Nf3 Nc6 3. Bc4 Bc5 4. O-O Nf6 5. d4 Bxd4 6. Nxd4 
Nxd4 7. B@h4 P@h3 8. f3 hxg2 9. Kxg2 N@g6 10. Bg3 P@f4 11. Bf2 d5 
12. Bxd5 Nxd5 13. exd5 B@h3+ 14. Kg1 Bxf1 15. Bxd4 exd4 16. Kxf1 Qxd5 17. P@g2 
B@e3 18. Bxe3 fxe3 19. B@e4 R@h1+ 20. B@g1 P@f2 21. N@e2 Qb5 22. Bd3 Qxb2 
23. N@g3 Qxa1 24. Nxh1 R@e1+ 25. Qxe1 fxe1=Q+ 26. Kxe1 Qxb1# 
{Firefly resigns} 0-1

[Event "fics rated crazyhouse match"]
[Site "fics, Oklahoma City, OK USA"]
[Date "2000.02.08"]
[White "pminear"]
[WhiteElo "2415"]
[Black "Firefly"]
[BlackElo "2511"]
[TimeControl "180+0"]
[Result "1-0"]

1. e4 e6 2. Nc3 Nc6 3. d4 Nf6 4. e5 Nd5 5. Nxd5 exd5 6. Nf3 
d6 7. Bb5 Be7 8. Qe2 N@e4 9. c4 dxc4 10. Qxe4 d5 11. Qe3 Bg4 
12. O-O Bxf3 13. Qxf3 P@e4 14. Qg4 Rg8 15. e6 fxe6 16. Qxe6 P@f7 17. Bxc6+ 
bxc6 18. P@d7+ Qxd7 19. Qxd7+ Kxd7 20. N@e5+ Ke8 21. B@d7+ Kf8 22. N@e6# 
{Firefly resigns} 1-0

[Event "fics rated crazyhouse match"]
[Site "fics, Oklahoma City, OK USA"]
[Date "2000.02.08"]
[White "Firefly"]
[WhiteElo "2501"]
[Black "pminear"]
[BlackElo "2425"]
[TimeControl "180+0"]
[Result "0-1"]

1. e4 e5 2. Nf3 Nc6 3. Bc4 Bc5 4. O-O Nf6 5. c3 Nxe4 6. d4 
d5 7. dxc5 dxc4 8. B@d5 B@d3 9. Bxe4 Bxe4 10. Qxd8+ Kxd8 11. Bg5+ B@f6 
12. Bxf6+ gxf6 13. B@g7 Bxf3 14. Bxf6+ P@e7 
{Firefly resigns} 0-1

[Event "fics rated crazyhouse match"]
[Site "fics, Oklahoma City, OK USA"]
[Date "2000.02.08"]
[White "pminear"]
[WhiteElo "2435"]
[Black "Firefly"]
[BlackElo "2491"]
[TimeControl "180+0"]
[Result "1-0"]

1. e4 e6 2. Nc3 Nc6 3. d4 Bb4 4. a3 Bxc3+ 5. bxc3 d6 6. Qg4 
N@g6 7. B@g5 f6 8. Bge3 f5 9. exf5 exf5 10. Qe2 Nf6 11. Bh6+ Kf7 
12. Bxg7 Re8 13. Bxf6 Rxe2+ 14. Bxe2 Qxf6 15. P@g5 Nxd4 16. N@h6+ Ke8 17. gxf6 
Nxc2+ 18. Kd1 B@b3 19. Q@b5+ Bd7 20. Qxb3 Nxa1 21. f7+ Ke7 22. Bg5+ P@f6 
23. Ng8+ Kf8 24. B@h6+ P@g7 25. Bxg7+ Kxg7 26. Bxf6+ Kf8 27. P@g7# 
{Firefly checkmated} 1-0

[Event "fics rated crazyhouse match"]
[Site "fics, Oklahoma City, OK USA"]
[Date "2000.02.08"]
[White "Firefly"]
[WhiteElo "2482"]
[Black "pminear"]
[BlackElo "2444"]
[TimeControl "180+0"]
[Result "0-1"]

1. e4 e5 2. Nf3 Nc6 3. Bb5 Bc5 4. O-O Nf6 5. Nc3 d6 6. d3 
Bg4 7. h3 h5 8. Bg5 a6 9. Ba4 b5 10. Nxb5 axb5 11. Bxb5 N@d4 
12. Nxd4 Bxd1 13. Nxc6 Qd7 14. Raxd1 Ng4 15. hxg4 hxg4 16. B@h4 g3 17. P@h2 
gxf2+ 18. Kh1 P@e2 19. Bxf2 exf1=Q+ 20. Rxf1 Bxf2 21. Nd4 Rxh2# 
{Firefly resigns} 0-1

[Event "fics rated crazyhouse match"]
[Site "fics, Oklahoma City, OK USA"]
[Date "2000.02.08"]
[White "Thufir"]
[WhiteElo "2308"]
[Black "Igy"]
[BlackElo "2149"]
[TimeControl "180+0"]
[Result "0-1"]

1. e4 e6 2. d4 Nc6 3. Nc3 d5 4. exd5 exd5 5. Bb5 Bb4 6. Qe2+ 
P@e4 7. Nf3 Bg4 8. Rg1 a6 9. Bxc6+ bxc6 10. N@e5 B@b5 11. P@d3 Bxf3 
12. gxf3 N@e6 13. Be3 Nf6 14. B@g5 exd3 15. cxd3 P@e4 16. fxe4 dxe4 17. Bxf6 
gxf6 18. P@d7+ Kf8 19. Bh6+ P@g7 20. P@e7+ Qxe7 21. N@f5 exd3 22. Nxe7 dxe2 
23. Bxg7+ Nxg7 24. Q@c8+ Kxe7 25. Nxc6+ Bxc6 26. Rxg7 N@f3+ 27. Kxe2 Nxd4+ 28. Kd3 
Q@c2+ 29. Kxd4 B@e5+ 30. Kc4 B@d5+ 31. Kxb4 Bxc3# 
{Thufir forfeits on time} 0-1

[Event "fics rated crazyhouse match"]
[Site "fics, Oklahoma City, OK USA"]
[Date "2000.02.08"]
[White "Igy"]
[WhiteElo "2160"]
[Black "Thufir"]
[BlackElo "2297"]
[TimeControl "180+0"]
[Result "0-1"]

1. e4 e6 2. Nc3 Nc6 3. Nf3 Nf6 4. Be2 Bb4 5. d3 d5 6. exd5 
Nxd5 7. Bd2 P@a3 8. Nxd5 Bxd2+ 9. Qxd2 axb2 10. Nxc7+ Qxc7 11. Rb1 P@c3 
12. Qg5 B@f6 13. Qb5 N@a3 14. Qa4 Nxb1 15. O-O Nd2 16. Nxd2 cxd2 17. N@c4 
N@c3 18. N@d6+ Kd8 19. B@a5 Nxe2+ 20. Kh1 Nxa5 21. Qxa5 B@b6 22. Nxb6 axb6 
23. Nxf7+ Qxf7 24. Qxa8 Bd4 25. Qa3 N@g3+ 26. hxg3 Nxg3+ 27. fxg3 Qxf1+ 28. Kh2 
{Igy resigns} 0-1

[Event "fics rated crazyhouse match"]
[Site "fics, Oklahoma City, OK USA"]
[Date "2000.02.08"]
[White "Thufir"]
[WhiteElo "2302"]
[Black "Igy"]
[BlackElo "2155"]
[TimeControl "180+0"]
[Result "1-0"]

1. e4 e6 2. d4 Nc6 3. Nf3 Nf6 4. e5 Ne4 5. Be2 d5 6. exd6 
Bxd6 7. P@e5 Bb4+ 8. c3 Be7 9. O-O P@f6 10. exf6 Bxf6 11. P@e5 Bxe5 
12. dxe5 Qxd1 13. Bxd1 P@d3 14. B@h4 P@e2 15. Bxe2 dxe2 16. Re1 B@d3 17. Nbd2 
Nxd2 18. Bxd2 N@c2 19. P@e7 Bd7 20. N@h5 Nxe7 21. Nxg7+ Kd8 22. Bxe7+ Kc8 
23. N@f8 Rxf8 24. Bxf8 Nxe1 25. R@d8+ Kxd8 26. P@e7+ Kc8 27. Q@d8# 
{Igy checkmated} 1-0

[Event "fics rated crazyhouse match"]
[Site "fics, Oklahoma City, OK USA"]
[Date "2000.02.08"]
[White "Igy"]
[WhiteElo "2150"]
[Black "Thufir"]
[BlackElo "2307"]
[TimeControl "180+0"]
[Result "1-0"]

1. e4 e6 2. Nc3 Nc6 3. Nf3 Nf6 4. Bb5 Bb4 5. d3 d6 6. Bg5 
Rg8 7. a3 Bxc3+ 8. bxc3 Bd7 9. Rb1 N@e5 10. Bxc6 Bxc6 11. Nxe5 dxe5 
12. B@h4 B@e7 13. N@g4 N@g6 14. Bxf6 gxf6 15. N@h6 Nxh4 16. Nxg8 Nxg2+ 17. Kd2 
P@d4 18. cxd4 exd4 19. Qf3 P@c3+ 20. Ke2 Nh4 21. N4xf6+ Bxf6 22. Nxf6+ Ke7 
23. Ng8+ Qxg8 24. B@f6+ Kd7 25. Bxh4 B@e5 26. N@c5+ Kc8 27. P@d7+ Bxd7 28. P@a6 
B@c6 29. N@e7+ Kb8 30. Nxd7+ Bxd7 31. Rxb7# 
{Thufir checkmated} 1-0

[Event "fics rated crazyhouse match"]
[Site "fics, Oklahoma City, OK USA"]
[Date "2000.02.08"]
[White "Thufir"]
[WhiteElo "2296"]
[Black "Igy"]
[BlackElo "2161"]
[TimeControl "180+0"]
[Result "1-0"]

1. e4 e6 2. Nc3 Nc6 3. d4 Bb4 4. Nf3 Nf6 5. e5 Ne4 6. Bd3 
Nxc3 7. bxc3 Bxc3+ 8. Bd2 Bxa1 9. Qxa1 d6 10. N@h5 R@g4 11. B@g5 Qd7 
12. Nxg7+ Kf8 13. Bh6 Rxg7 14. Bxg7+ Kxg7 15. P@f6+ Kf8 16. Bh6+ Ke8 17. Bxh7 
dxe5 18. P@g7 B@b4+ 19. Kf1 Rxh7 20. R@f8# 
{Igy resigns} 1-0

[Event "fics rated crazyhouse match"]
[Site "fics, Oklahoma City, OK USA"]
[Date "2000.02.08"]
[White "Igy"]
[WhiteElo "2156"]
[Black "Thufir"]
[BlackElo "2301"]
[TimeControl "180+0"]
[Result "0-1"]

1. e4 e6 2. Nc3 Nc6 3. Nf3 Nf6 4. Bb5 d6 5. d4 Bd7 6. O-O 
Be7 7. d5 Ne5 8. Bxd7+ Qxd7 9. dxe6 Nxf3+ 10. Qxf3 fxe6 11. P@f7+ Kd8 
12. e5 B@c6 13. Qg3 Nh5 14. Qd3 P@h3 15. B@f3 hxg2 16. Bxh5 gxf1=Q+ 17. Kxf1 
P@g2+ 18. Ke2 g1=Q 19. N@f3 Bxf3+ 20. Bxf3 R@e1+ 21. Kd2 Qxf2+ 22. B@e2 N@f1# 
{Igy checkmated} 0-1

[Event "fics rated crazyhouse match"]
[Site "fics, Oklahoma City, OK USA"]
[Date "2000.02.08"]
[White "Thufir"]
[WhiteElo "2306"]
[Black "Igy"]
[BlackElo "2151"]
[TimeControl "180+0"]
[Result "1-0"]

1. e4 e6 2. d4 Nc6 3. Nf3 Nf6 4. e5 Ne4 5. Be2 d5 6. exd6 
Nxd6 7. O-O Nf5 8. c3 Be7 9. Bd3 Nd6 10. P@e5 Nf5 11. Bxf5 exf5 
12. N@h5 Rg8 13. d5 B@g4 14. Nxg7+ Rxg7 15. P@f6 Bxf6 16. exf6 Qxf6 17. Re1+ 
P@e4 18. dxc6 N@h3+ 19. Kf1 P@d3 20. Qxd3 bxc6 21. N@c5 P@d5 22. B@g5 Nxg5 
23. Bxg5 Rxg5 24. Nxg5 Qxg5 25. R@g8+ Qxg8 26. N@f6+ Kf8 27. P@e7+ Kg7 28. Nxg8 
R@h1+ 29. Q@g1 Rxg1+ 30. Kxg1 exd3 31. R@g5+ P@g6 32. Rxg4 N@e2+ 33. Rxe2 Q@d1+ 
34. N@f1 dxe2 35. B@f6+ Kxg8 36. e8=Q+ R@f8 37. Rxg6+ hxg6 38. Qxf8+ Kxf8 39. P@e7# 
{Igy forfeits on time} 1-0

[Event "fics rated crazyhouse match"]
[Site "fics, Oklahoma City, OK USA"]
[Date "2000.02.08"]
[White "Igy"]
[WhiteElo "2146"]
[Black "Thufir"]
[BlackElo "2311"]
[TimeControl "180+0"]
[Result "1-0"]

1. e4 e6 2. Nc3 d6 3. Nf3 Nc6 4. d4 Nf6 5. Bd3 Be7 6. e5 
Nxd4 7. exf6 Nxf3+ 8. Qxf3 Bxf6 9. N@h5 P@f5 10. Nxf6+ Qxf6 11. B@g5 Qe5+ 
12. Qe2 P@e4 13. Bcf4 Qa5 14. N@c4 Qb4 15. a3 Qc5 16. Bxe4 fxe4 17. Nxe4 
Qd4 18. P@c3 Qd5 19. Rd1 Qc6 20. P@e7 N@f5 21. Nexd6+ cxd6 22. Nxd6+ Nxd6 
23. Rxd6 f6 24. Rxc6 bxc6 25. Q@d8+ Kf7 26. Qh5+ g6 27. N@d6+ Kg7 28. P@h6# 
{Thufir checkmated} 1-0

[Event "fics rated crazyhouse match"]
[Site "fics, Oklahoma City, OK USA"]
[Date "2000.02.08"]
[White "Thufir"]
[WhiteElo "2299"]
[Black "Igy"]
[BlackElo "2158"]
[TimeControl "180+0"]
[Result "1-0"]

1. e4 e6 2. d4 Nc6 3. Nf3 d6 4. Nc3 Nf6 5. d5 exd5 6. exd5 
Bg4 7. dxc6 bxc6 8. Be2 P@d5 9. Nd4 Bd7 10. P@b5 cxb5 11. N@c6 Qc8 
12. Bxb5 a6 13. Qe2+ P@e5 14. Nxe5 dxe5 15. Qxe5+ P@e6 16. P@c6 axb5 17. cxd7+ 
Nxd7 18. B@c6 B@f6 19. Bxd7+ Qxd7 20. P@c6 Qd8 21. P@d7+ Qxd7 22. cxd7+ Kxd7 
23. Q@c6# 
{Igy resigns} 1-0

[Event "fics rated crazyhouse match"]
[Site "fics, Oklahoma City, OK USA"]
[Date "2000.02.08"]
[White "MrCool"]
[WhiteElo "2319"]
[Black "XXNoWay"]
[BlackElo "2232"]
[TimeControl "180+0"]
[Result "1-0"]

1. Nf3 e6 2. e4 Nf6 3. Nc3 d5 4. exd5 Nxd5 5. Bb5+ Nc6 6. Ne5 
Nxc3 7. bxc3 Qd5 8. Bxc6+ bxc6 9. N@f3 N@f4 10. Rg1 P@e2 11. Qxe2 Nxe2 
12. Kxe2 B@e4 13. N@f4 Bxf3+ 14. Nxf3 Qe4+ 15. P@e3 N@d5 16. Nxd5 exd5 17. B@f4 
Bg4 18. N@g5 N@h5 19. Nxe4 dxe4 20. P@d7+ Bxd7 21. Ne5 P@d3+ 22. cxd3 Nxf4+ 
23. exf4 exd3+ 24. Nxd3 P@e4 25. Ne5 B@d3+ 26. Nxd3 exd3+ 27. Kxd3 N@c5+ 28. Ke2 
Q@d3+ 29. Kd1 Bg4+ 30. f3 Bxf3+ 31. gxf3 P@e2+ 32. Ke1 N@c2+ 33. Kf2 Nxa1 
34. B@h3 Nc2 35. B@f5 R@f1+ 36. Bxf1 e1=Q+ 37. Kg2 Qxf5 38. P@d7+ Qxd7 39. R@e2+ 
Qxe2+ 40. Bxe2 B@h3+ 41. Kf2 Nd3+ 42. Bxd3 Qxd3 43. N@f6+ gxf6 44. Q@d7# 
{XXNoWay forfeits on time} 1-0

[Event "fics rated crazyhouse match"]
[Site "fics, Oklahoma City, OK USA"]
[Date "2000.02.08"]
[White "Thufir"]
[WhiteElo "2309"]
[Black "Igy"]
[BlackElo "2148"]
[TimeControl "180+0"]
[Result "1-0"]

1. e4 Nf6 2. Nc3 d5 3. exd5 Nxd5 4. d4 Nxc3 5. bxc3 e5 6. d5 
Bc5 7. N@e4 Bxf2+ 8. Nxf2 P@f4 9. Nf3 P@e3 10. Bb5+ c6 11. Ne4 cxb5 
12. Nxe5 B@d6 13. Nxf7 Kxf7 14. P@e6+ Kf8 15. O-O N@f6 16. Nxf6 Qxf6 17. Bxe3 
N@e4 18. N@h5 Qxc3 19. Bxf4 P@f2+ 20. Rxf2 N@e2+ 21. Rxe2 Bxf4 22. Nxf4 B@e3+ 
23. B@f2 Bxf4 24. B@d4 Bxh2+ 25. Kxh2 P@g3+ 26. Kh1 
{Igy forfeits on time} 1-0

[Event "fics rated crazyhouse match"]
[Site "fics, Oklahoma City, OK USA"]
[Date "2000.02.08"]
[White "Igy"]
[WhiteElo "2143"]
[Black "Thufir"]
[BlackElo "2314"]
[TimeControl "180+0"]
[Result "0-1"]

1. e4 e6 2. Nc3 Nc6 3. Nf3 Nf6 4. d4 Bb4 5. Bd3 d5 6. e5 
Ne4 7. O-O Bxc3 8. bxc3 Nxc3 9. Qe1 P@e4 10. Qxc3 exf3 11. gxf3 N@h3+ 
12. Kh1 Qh4 13. B@g3 Qxd4 14. Qxd4 Nxd4 15. P@g2 P@e2 16. Re1 Q@f1+ 17. Rxf1 
exf1=Q+ 18. Bxf1 R@g1# 
{Igy checkmated} 0-1

[Event "fics rated crazyhouse match"]
[Site "fics, Oklahoma City, OK USA"]
[Date "2000.02.08"]
[White "XXNoWay"]
[WhiteElo "2226"]
[Black "MrCool"]
[BlackElo "2327"]
[TimeControl "180+0"]
[Result "0-1"]

1. e4 e6 2. Nc3 Nf6 3. Nf3 Nc6 4. Bb5 d6 5. O-O Be7 6. d3 
O-O 7. Bxc6 bxc6 8. e5 Nd5 9. exd6 cxd6 10. P@h6 gxh6 11. Bxh6 P@g7 
12. Bxg7 Kxg7 13. Nxd5 exd5 14. N@h5+ Kh6 15. Nf4 B@g5 16. Nxg5 Bxg5 17. Qh5+ 
Kg7 18. P@h4 Bxf4 19. B@g5 B@e5 20. P@h6+ Kg8 21. Bxd8 Rxd8 22. N@g4 Bxg4 
23. Qxg4+ P@g6 24. B@g7 Bxh2+ 25. Kh1 Bxg7 26. hxg7 Kxg7 27. Kxh2 B@e5+ 28. B@f4 
B@f6 29. B@h6+ Kg8 30. Bxe5 Bxe5+ 31. f4 Bh8 32. B@g7 Bxg7 33. Bxg7 Kxg7 
34. Qg5 B@d4 35. B@h6+ Kg8 36. f5 N@g4+ 37. Qxg4 B@e5+ 38. g3 N@f3+ 39. Qxf3 
N@e3 40. Qxe3 N@g4+ 41. Kh3 
{XXNoWay forfeits on time} 0-1

[Event "fics rated crazyhouse match"]
[Site "fics, Oklahoma City, OK USA"]
[Date "2000.02.08"]
[White "Thufir"]
[WhiteElo "2318"]
[Black "Igy"]
[BlackElo "2139"]
[TimeControl "180+0"]
[Result "1-0"]

1. e4 Nf6 2. Nc3 Nc6 3. d4 d5 4. exd5 Nxd5 5. Nf3 e6 6. Bd3 
Bb4 7. Bd2 Bxc3 8. bxc3 N@f4 9. Bxf4 Nxf4 10. Rg1 B@b2 11. B@g5 Bxc3+ 
12. P@d2 Nxd3+ 13. cxd3 P@f6 14. dxc3 fxg5 15. N@h5 B@f8 16. B@e5 Nxe5 17. dxe5 
P@e7 18. Nxg5 B@g6 19. Nf4 B@f5 20. P@e4 Bd7 21. exf5 exf5 22. Nxg6 hxg6 
23. Nxf7 Be6 24. Nxd8 Rxd8 25. N@g5 Bg8 26. P@f7+ Bxf7 27. Nxf7 N@f4 28. Nxd8 
N@g5 29. Nxb7 P@e2 30. R@d8+ Kf7 31. Qb3+ e6 32. B@e8+ Kg8 33. P@f7+ Kh7 
34. B@g8+ Kh6 35. B@e3 P@a4 36. Bxf4 
{Igy resigns} 1-0

[Event "fics rated crazyhouse match"]
[Site "fics, Oklahoma City, OK USA"]
[Date "2000.02.08"]
[White "MrCool"]
[WhiteElo "2335"]
[Black "XXNoWay"]
[BlackElo "2220"]
[TimeControl "180+0"]
[Result "0-1"]

1. Nf3 d6 2. e4 Nf6 3. Nc3 Nc6 4. Bc4 e6 5. O-O Be7 6. d4 
Bd7 7. Bg5 h6 8. Bh4 O-O 9. Bd3 e5 10. d5 Nd4 11. Nxd4 exd4 
12. Ne2 Nxe4 13. Bxe7 Qxe7 14. Nxd4 P@h3 15. N@f5 Bxf5 16. Nxf5 Qg5 17. Bxe4 
hxg2 18. N@e7+ Kh8 19. P@g3 gxf1=Q+ 20. Qxf1 B@g4 21. P@g2 P@e2 22. Qe1 R@d1 
23. B@c3 Rxa1 24. Qxa1 R@d1+ 25. R@e1 Rxa1 26. Rxa1 N@d1 27. R@e1 Q@f1+ 28. Rxf1 
exf1=Q+ 29. Kxf1 Nxc3 30. bxc3 R@h1+ 31. B@g1 B@e2+ 32. Ke1 Rxg1+ 33. N@f1 Rxf1# 
{MrCool checkmated} 0-1

[Event "fics rated crazyhouse match"]
[Site "fics, Oklahoma City, OK USA"]
[Date "2000.02.08"]
[White "XXNoWay"]
[WhiteElo "2231"]
[Black "MrCool"]
[BlackElo "2321"]
[TimeControl "180+0"]
[Result "1-0"]

1. e4 e6 2. Nc3 Nf6 3. Nf3 Nc6 4. Bb5 d5 5. e5 Ng4 6. O-O 
Qd7 7. d4 Qd8 8. h3 Nxf2 9. Rxf2 P@g3 10. Rf1 Bd7 11. Bf4 Nxe5 
12. Bxe5 Bxb5 13. Nxb5 B@e3+ 14. Kh1 Bd6 15. Bxd6 cxd6 16. B@c7 Qd7 17. Nxd6+ 
Kf8 18. Nxb7 Qxc7 19. B@d6+ Qxd6 20. Nxd6 B@e7 21. P@b7 Rb8 22. P@c7 Bxd6 
23. cxb8=Q+ Bxb8 24. Q@d8+ B@e8 25. N@d7# 
{MrCool resigns} 1-0

[Event "fics rated crazyhouse match"]
[Site "fics, Oklahoma City, OK USA"]
[Date "2000.02.08"]
[White "MrCool"]
[WhiteElo "2308"]
[Black "XXNoWay"]
[BlackElo "2241"]
[TimeControl "180+0"]
[Result "1-0"]

1. e4 e6 2. Qh5 Nf6 3. Qf3 Nc6 4. c3 d5 5. exd5 exd5 6. Bb5 
Bd6 7. d4 O-O 8. Ne2 Bg4 9. Qe3 Bxe2 10. Qxe2 Ne4 11. Bxc6 bxc6 
12. P@h6 P@d2+ 13. Nxd2 N@f4 14. Nxe4 Nxe2 15. hxg7 dxe4 16. N@h6+ Kxg7 17. N@h5+ 
Kg6 18. P@f5+ Kxh5 19. B@g4+ Kh4 20. P@g3# 
{XXNoWay resigns} 1-0